Match 48301437
Unlisted

Match 48301437
End
Pioneer Squad
Construct Infanterie Kompanie
Selects Mechanized Battlegroup
Grenadier Squad
MG 42 Machine Gun Team
Grenadier Squad
Grenadier Squad
Construct Luftwaffe Kompanie
221 Scout Car
221 Scout Car
Selects Raid Package
Medical Bunker
Selects StuG Assault Group
StuG Assault Group
Construct Panzer Kompanie
Panzer IV Medium Tank
Stoßtruppen Squad
Dark Lord Cthulhu
daridarar8
Magnum Avocado
Itaca
0
0

Comments sign in to comment!

No comments posted yet!